 Dungeon Crawl Stone Soup version 0.22.1-2-g9c5b331 (webtiles) character file.

32 Gearfox the Skirmisher (level 3, -1/33 HPs)
             Began as a Hill Orc Fighter on Nov 24, 2018.
             Slain by a jackal (2 damage)
             ... on level 2 of the Dungeon.
             The game lasted 00:06:07 (1176 turns).

Gearfox the Skirmisher (Hill Orc Fighter)           Turns: 1176, Time: 00:06:08

Health: -1/33      AC:  0    Str: 19    XL:     3   Next: 25%
Magic:  3/3        EV: 13    Int: 10    God:
Gold:   119        SH:  0    Dex: 10    Spells: 2/2 levels left

rFire    . . .     SeeInvis .   (weapon currently unavailable)
rCold    . . .     Gourm    .   (shield currently unavailable)
rNeg     . . .     Faith    .   (armour currently unavailable)
rPois    .         Spirit   .   (helmet currently unavailable)
rElec    .         Reflect  .   (cloak currently unavailable)
rCorr    .         Harm     .   (gloves currently unavailable)
MR       .....                  (boots currently unavailable)
Stlth    +.........             i - amulet of regeneration
HPRegen  0.51/turn              (ring currently unavailable)
MPRegen  0.08/turn              (ring currently unavailable)

@: pig-form (expiring), very quick
A: small, clever 1, sense surroundings 1
a: no special abilities


You were on level 2 of the Dungeon.
You were not hungry.
You were a filthy swine.
You visited 1 branch of the dungeon, and saw 2 of its levels.

You collected 119 gold pieces.

Inventory:

Hand Weapons
 a - a +0 rapier (melded)
Armour
 b - a +0 scale mail (melded)
 c - a +0 shield (melded)
Jewellery
 e - a +4 ring of slaying (melded)
 i - an amulet of regeneration (around neck)
Scrolls
 k - a scroll of remove curse
Potions
 d - a potion of might
Comestibles
 f - 7 rations


   Skills:
 * Level 4.2 Fighting
 + Level 2.2 Short Blades
 * Level 3.9 Armour
 - Level 3.4 Shields


You had 2 spell levels left.
You didn't know any spells.
Your spell library was empty.

Dungeon Overview and Level Annotations

Branches:
Dungeon (2/15)

Altars:

Annotations:
D:2 Jessica, Sigmund


Innate Abilities, Weirdness & Mutations

((You are partially covered in slimy green scales. (AC +2)))
Your mind is acute. (Int +2)
You passively map a small area around you.


Message History

* * * LOW HITPOINT WARNING * * *
The jackal closely misses you.
You hear a zap.
Something tries to affect you, but you resist.
A jackal comes into view.
The jackal barely misses you. Something hits you.
* * * LOW HITPOINT WARNING * * *
The jackal barks!
You hear an angry hiss.
You hear some strange, mumbled words.
The jackal bites you.
* * * LOW HITPOINT WARNING * * *
You closely miss the jackal.
Your transformation is almost over.
The jackal closely misses you.
You closely miss the jackal. The jackal bites you.
* * * LOW HITPOINT WARNING * * *
The jackal bites you.
* * * LOW HITPOINT WARNING * * *
You barely miss the jackal. The jackal bites you.
You die...

*
###################
,
#.hhh{h............
,
###########........
8 * #........ *
,..8##.....###
....##...h.... , ,
, , ....>#.....###
* , *, ....##...###
, , 8 ...8##...# *
, * #8##*#####


You could see 3 jackals.

Vanquished Creatures
  A gnoll (D:1)
  A dart slug (D:1)
  A leopard gecko (D:1)
  3 bats (D:1)
  3 hobgoblins (D:1)
  A jackal (D:1)
  4 kobolds (D:1)
  A frilled lizard (D:1)
  2 goblins (D:1)
  2 rats (D:1)
19 creatures vanquished.

Notes
Turn   | Place    | Note
-------+----------+-------------------------------------------
     0 | D:1      | Gearfox the Hill Orc Fighter began the quest for the Orb.
     0 | D:1      | Reached XP level 1. HP: 19/19 MP: 1/1
   156 | D:1      | Reached XP level 2. HP: 25/27 MP: 2/2
   849 | D:1      | Reached skill level 4 in Fighting
   862 | D:1      | Reached XP level 3. HP: 20/33 MP: 3/3
  1045 | D:2      | Noticed Sigmund
  1116 | D:1      | Gained mutation: You are partially covered in slimy green
                  | scales. (AC +2) [potion of mutation]
  1116 | D:1      | Gained mutation: You passively map a small area around you.
                  | [potion of mutation]
  1116 | D:1      | Gained mutation: Your mind is acute. (Int +2) [potion of
                  | mutation]
  1143 | D:2      | Noticed Jessica
  1175 | D:2      | HP: 1/33 [jackal (2)]
  1176 | D:2      | Slain by a jackal

Skill      XL: |  1  2 |
---------------+-------+-----
Fighting       | 4 |  4.2
Short Blades   | |  2.2
Armour         | |  3.9
Shields        | |  3.4

Action                   || total
-------------------------++-------
Melee: Rapier            ||    68
       Unarmed           ||     6
  Use: Scroll            ||     2
       Potion            ||     2
  Eat: Chunk             ||     1
Armor: Scale mail        ||    28
Dodge: Dodged            ||    29
Block: Shield            ||    46
